Cogmind - Beta 13 @@@ ROGUE MODE // 2024.06.30 @ 14:35:37 Player: annull Result: Destroyed by G-34 Mercenary with Small Laser Performance ------------- Evolutions (1) 500 Regions Visited (5) 1000 Robots Destroyed (9) 45 Value Destroyed (260) 260 Prototype IDs (0) 0 Alien Tech Used (0) 0 Bonus (400) 400 TOTAL SCORE: 2205 Bonus ------- Pacifist 200 Entered Garrisons 200 Cogmind --------- Core Integrity 0/400 Matter 270/300 Energy 18/250 System Corruption 0% Temperature Cool (38) Movement Treading (160) Location -9/Garrison Parts ------- > --- POWER (1) -------- Ion Engine > --- PROPULSION (3) --- Improved Treads Improved Treads Improved Treads > --- UTILITY (3) ------ Large Storage Unit ECM Suite Utility Shielding > --- WEAPON (2) ------- Beam Cannon > --- INVENTORY (15) --- Improved Treads Aluminum Leg Aluminum Leg Aluminum Leg Aluminum Leg Medium Storage Unit Large Storage Unit Huge Storage Unit Utility Shielding Light Armor Plating Mining Laser Welding Torch Peak State ------------ > --- POWER ------------ Improved Ion Engine > --- PROPULSION ------- Improved Treads Improved Treads Improved Treads > --- UTILITY ---------- Large Storage Unit ECM Suite Utility Shielding > --- WEAPON ----------- Beam Cannon Mining Laser > --- INVENTORY -------- Improved Treads Improved Treads Aluminum Leg Compact Wheel Medium Storage Unit Large Storage Unit Huge Storage Unit Utility Shielding Light Armor Plating Mining Laser Welding Torch [Rating: 14] Favorites ----------- Power Light Ion Engine Engine Light Ion Engine Propulsion Aluminum Leg Treads Improved Treads Leg Aluminum Leg Wheel Compact Wheel Utility Large Storage Unit Device ECM Suite Storage Large Storage Unit Protection Utility Shielding Weapon Beam Cannon Energy Gun Medium Laser Energy Cannon Beam Cannon Ballistic Gun Heavy Assault Rifle Special Weapon Mining Laser Build | -11 -10 -10 -9 -9 -9 ------- Run | Yrd Mat Min Mat Sto Gar Slots Evolved 2 | . . . 2 . . Power . | . . . . . . Propulsion 1 | . . . 1 . . Utility 1 | . . . 1 . . Weapon . | . . . . . . Parts Attached 36 | 6 1 4 8 13 4 Power 5 | 1 . 1 . 2 1 Engine 5 | 1 . 1 . 2 1 Core . | . . . . . . Reactor . | . . . . . . Propulsion 13 | 2 . . 3 5 3 Treads 5 | . . . . 3 2 Leg 4 | 2 . . . 2 . Wheel 4 | . . . 3 . 1 Hover . | . . . . . . Flight . | . . . . . . Utility 7 | 1 1 1 1 3 . Device 2 | . . . . 2 . Storage 2 | 1 1 . . . . Processor . | . . . . . . Hackware . | . . . . . . Protection 3 | . . 1 1 1 . Artifact . | . . . . . . Weapon 11 | 2 . 2 4 3 . Energy Gun 4 | 2 . . 2 . . Energy Cannon 4 | . . . 2 2 . Ballistic Gun 1 | . . 1 . . . Ballistic Cannon . | . . . . . . Launcher . | . . . . . . Special Weapon 2 | . . 1 . 1 . Impact Weapon . | . . . . . . Slashing Weapon . | . . . . . . Piercing Weapon . | . . . . . . Special Melee Weapon . | . . . . . . Unidentified Prototypes . | . . . . . . Parts Lost 12 | . . . 6 2 4 Power 3 | . . . 1 1 1 Propulsion 6 | . . . 3 1 2 Utility 1 | . . . 1 . . Weapon 2 | . . . 1 . 1 Highest Loss Streak 3 | . . . 2 2 3 To Critical Strikes . | . . . . . . Average Slot Usage (%) 90 | . 86 97 87 90 89 Engine 10 | . 14 14 9 10 8 Treads 10 | . . . . 17 27 Leg 13 | . 28 28 14 7 . Wheel 5 | . . . 12 5 3 Device 3 | . . . . 5 11 Storage 11 | . 15 14 11 11 11 Protection 12 | . . 12 21 11 11 Energy Gun 9 | . 28 26 12 . . Energy Cannon 7 | . . . 3 13 11 Special Weapon 3 | . . . . 7 5 Naked Turns . | . . . . . . Heaviest Build 34 | 12 32 31 33 34 34 Greatest Support 69 | 20 20 20 32 69 69 Greatest Overweight (x) 8 | 3 1 1 2 2 8 Average Overweight (x) . | . . 1 . . . Largest Inventory Capacity 15 | 8 15 15 15 15 15 Average Capacity 14 | 7 13 15 15 15 15 Most Carried 15 | 5 11 15 15 14 14 Average Carried 11 | 3 7 11 12 12 13 Final Capacity 15 | 8 15 15 15 15 15 Final Carried 14 | 5 11 14 13 14 12 Class Distribution -------------------- 100% | Mutant Dominant Class ---------------- Mutant | -10/Materials Mutant | -10/Mines Mutant | -9/Materials Mutant | -9/Storage Mutant | -9/Garrison Resources | -11 -10 -10 -9 -9 -9 ----------- Run | Yrd Mat Min Mat Sto Gar Matter Collected 495 | 177 . 133 65 120 . Remotely . | . . . . . . Salvage Created 280 | . . . 85 146 49 Parts 11 | . . . 5 3 3 Haulers Intercepted . | . . . . . . Recyclers Shooed 1 | . . . 1 . . Parts Field Recycled . | . . . . . . Retrieved Matter . | . . . . . . Parts Self-Destructed . | . . . . . . Prevented . | . . . . . . Kills | -11 -10 -10 -9 -9 -9 ------- Run | Yrd Mat Min Mat Sto Gar Combat Hostiles Destroyed 9 | . . . 4 4 1 Cannons 8 | . . . 3 4 1 Classes Destroyed 3 | . . . 2 1 . Swarmer 3 | . . . 3 . . Grunt 5 | . . . 1 3 1 Duelist 1 | . . . . 1 . Best Kill Streak 3 | . . . 3 3 1 Combat Bots Only 3 | . . . 3 3 1 Max Kills in Single Turn 1 | . . . 1 1 1 Gunslinging . | . . . . . . Exploded . | . . . . . . Melee . | . . . . . . Uniques/NPCs Destroyed . | . . . . . . Combat | -11 -10 -10 -9 -9 -9 -------- Run | Yrd Mat Min Mat Sto Gar Hostile Shots Fired 184 | . 15 . 65 30 74 Missed 49 | . 5 . 21 5 18 Damage Taken 1713 | . 138 . 545 359 671 Core 424 | . 14 . 134 110 166 Absorbed by Shields 18 | . . . . . 18 Redirected to Shielding 14 | . . . 11 . 3 Core Remaining (%) 97 | 100 . 94 . . . Volleys Fired 34 | . . . 11 18 5 Largest 2 | . . . 2 2 1 Hottest 160 | . . . 120 160 60 Shots Fired 54 | . . . 22 27 5 Gun 12 | . . . 12 . . Cannon 40 | . . . 10 25 5 Launcher . | . . . . . . Special 2 | . . . . 2 . Kinetic . | . . . . . . Thermal 54 | . . . 22 27 5 Explosive . | . . . . . . Electromagnetic . | . . . . . . Robot Hit Streak 8 | . . . 7 6 8 Robot Miss Streak 2 | . . . 2 1 . Penetration Max . | . . . . . . Secondary Targets . | . . . . . . Shots Hit Robots 41 | . . . 15 21 5 Core Hits 11 | . . . 5 5 1 Critical Kills . | . . . . . . Critical Parts Destroyed . | . . . . . . Critical Strikes 2 | . . . 2 . . Burn 2 | . . . 2 . . Melee Attacks . | . . . . . . Impact . | . . . . . . Slashing . | . . . . . . Piercing . | . . . . . . Sneak Attacks . | . . . . . . Combat Hostiles . | . . . . . . Follow-up Attacks . | . . . . . . Damage Inflicted 729 | . . . 263 378 88 Guns 125 | . . . 125 . . Cannons 567 | . . . 125 354 88 Explosions . | . . . . . . Melee . | . . . . . . Ramming 13 | . . . 13 . . Kinetic . | . . . . . . Thermal 716 | . . . 250 378 88 Explosive . | . . . . . . Electromagnetic . | . . . . . . Impact . | . . . . . . Slashing . | . . . . . . Piercing . | . . . . . . Highest Corruption . | . . . . . . Average Corruption . | . . . . . . Corruption Purged . | . . . . . . Corruption Blocked . | . . . . . . Overload Shots . | . . . . . . Overflow Damage . | . . . . . . Projectiles . | . . . . . . Explosions . | . . . . . . Melee . | . . . . . . Knockbacks . | . . . . . . Impact . | . . . . . . Kinetic . | . . . . . . Secondary . | . . . . . . Self-Inflicted Damage 6 | . . . 6 . . Shots . | . . . . . . Rammed 2 | . . . 2 . . Targets Rammed 2 | . . . 2 . . Kicked . | . . . . . . Crushed . | . . . . . . Highest Temperature 400 | . . . 267 400 38 Average Temperature 143 | . . . 112 190 17 Received Heat Transfer 723 | . 78 . 213 126 306 Effects 2 | . . . . 2 . Shutdowns 1 | . . . . 1 . Energy Bleed 1 | . . . . 1 . Siege Activations . | . . . . . . Robots Corrupted . | . . . . . . Combat Hostiles . | . . . . . . Parts Fried . | . . . . . . Impact Corruptions . | . . . . . . Robots Melted 1 | . . . 1 . . Combat Hostiles 1 | . . . 1 . . Parts Melted 4 | . . . 2 2 . Heat Transferred 1676 | . . . 740 790 146 Parts Sabotaged . | . . . . . . Parts Stolen . | . . . . . . Parts Stripped . | . . . . . . Power Chain Reactions . | . . . . . . Alert | -11 -10 -10 -9 -9 -9 ------- Run | Yrd Mat Min Mat Sto Gar Peak Influence 168 | . 7 2 168 149 20 Initial 70 | . . 2 . 70 2 Average 56 | . 2 2 66 122 3 Maximum Alert Level . | . . . . . . Low Security (%) 100 | 100 100 100 100 100 100 Level 1 . | . . . . . . Level 2 . | . . . . . . Level 3 . | . . . . . . Level 4 . | . . . . . . Level 5 . | . . . . . . High Security . | . . . . . . Max Security . | . . . . . . Squads Dispatched 4 | . . . 4 . . Investigation 1 | . . . 1 . . Extermination . | . . . . . . Reinforcement 3 | . . . 3 . . Assault . | . . . . . . Garrison . | . . . . . . Intercept . | . . . . . . Searches Triggered . | . . . . . . Construction Impeded 1 | . . . 1 . . Haulers Reinforced . | . . . . . . Active Scanning Responses . | . . . . . . Cargo Convoy Interrupts . | . . . . . . Stealth | -11 -10 -10 -9 -9 -9 --------- Run | Yrd Mat Min Mat Sto Gar Distress Signals 1 | . 1 . . . . Communications Jammed . | . . . . . . Distress Signals . | . . . . . . Times Spotted 33 | . 3 2 16 4 8 Peak Tracking Total 6 | . 3 2 6 3 4 Tactical Retreats 7 | . . . 4 . 3 Traps | -11 -10 -10 -9 -9 -9 ------- Run | Yrd Mat Min Mat Sto Gar Traps Triggered 2 | . . . 1 . 1 Indirectly . | . . . . . . Trap Hack Attempts . | . . . . . . Triggered . | . . . . . . Disarmed . | . . . . . . Reprogrammed . | . . . . . . Reused . | . . . . . . Traps Extracted . | . . . . . . Installed . | . . . . . . Triggered . | . . . . . . Machines | -11 -10 -10 -9 -9 -9 ---------- Run | Yrd Mat Min Mat Sto Gar Machines Disabled . | . . . . . . Max in Single Turn . | . . . . . . Machines Repaired . | . . . . . . Machines Dismantled . | . . . . . . Machines Sabotaged . | . . . . . . Overloaded Fab Kills . | . . . . . . Hacking | -11 -10 -10 -9 -9 -9 --------- Run | Yrd Mat Min Mat Sto Gar Machines Accessed 4 | . 1 . 1 2 . Terminals 3 | . 1 . 1 1 . Fabricators . | . . . . . . Repair Stations . | . . . . . . Recycling Units . | . . . . . . Scanalyzers . | . . . . . . Garrison Access 1 | . . . . 1 . Total Hacks 12 | . 5 . 4 3 . Successful 6 | . 2 . 2 2 . Failed 6 | . 3 . 2 1 . Catastrophic 3 | . 1 . 2 . . Database Lockouts . | . . . . . . Manual 9 | . 5 . 4 . . Terminals 11 | . 5 . 4 2 . Fabricators . | . . . . . . Repair Stations . | . . . . . . Recycling Units . | . . . . . . Scanalyzers . | . . . . . . Garrison Access 1 | . . . . 1 . Terminal Hacks 3 | . 1 . 1 1 . Open Door 1 | . . . . 1 . Branch Access Points 2 | . 1 . 1 . . Fabricator Hacks . | . . . . . . Repair Station Hacks . | . . . . . . Recycling Unit Hacks . | . . . . . . Scanalyzer . | . . . . . . Garrison Access Hacks 1 | . . . . 1 . Unlock Access 1 | . . . . 1 . Unauthorized Hacks 2 | . 1 . 1 . . Terminals 2 | . 1 . 1 . . Botnet 2 | . 1 . 1 . . Fabricators . | . . . . . . Repair Stations . | . . . . . . Recycling Units . | . . . . . . Scanalyzers . | . . . . . . Garrison Access . | . . . . . . Data Cores Recovered . | . . . . . . Used . | . . . . . . Hacking Detections 2 | . 1 . 1 . . Full Trace Events 2 | . 1 . 1 . . Feedback Events . | . . . . . . Feedback Blocked . | . . . . . . Robot Schematics Acquired . | . . . . . . Robots Built . | . . . . . . Authchips . | . . . . . . Time . | . . . . . . Total Robot Build Rating . | . . . . . . Part Schematics Acquired . | . . . . . . Parts Built . | . . . . . . Authchips . | . . . . . . Time . | . . . . . . Total Part Build Rating . | . . . . . . Parts Repaired . | . . . . . . Time . | . . . . . . Parts Recycled . | . . . . . . Recycled Matter . | . . . . . . Retrieved Matter . | . . . . . . Retrieved Components . | . . . . . . Parts Scanalyzed . | . . . . . . Part Schematics Acquired . | . . . . . . Parts Damaged . | . . . . . . Bothacking | -11 -10 -10 -9 -9 -9 ------------ Run | Yrd Mat Min Mat Sto Gar Used RIF Installer . | . . . . . . Robots Hacked . | . . . . . . Non-combat . | . . . . . . Combat . | . . . . . . Robot Hacks Applied . | . . . . . . Relay Couplers Released . | . . . . . . Fabnet Peak Effective % . | . . . . . . Robots Rewired . | . . . . . . Allies Hacked . | . . . . . . Hacks Repelled . | . . . . . . Allies | -11 -10 -10 -9 -9 -9 -------- Run | Yrd Mat Min Mat Sto Gar Total Allies . | . . . . . . Largest Group . | . . . . . . Highest-Rated Group . | . . . . . . Highest-Rated Ally . | . . . . . . Total Orders . | . . . . . . Ally Attacks . | . . . . . . Total Damage . | . . . . . . Kills . | . . . . . . Allies Corrupted . | . . . . . . Allies Melted . | . . . . . . Intel | -11 -10 -10 -9 -9 -9 ------- Run | Yrd Mat Min Mat Sto Gar Robot Analysis Total . | . . . . . . Derelict Logs Recovered . | . . . . . . Drone Launches . | . . . . . . Drone Recoveries . | . . . . . . Exploration | -11 -10 -10 -9 -9 -9 ------------- Run | Yrd Mat Min Mat Sto Gar Turns Passed 1257 | 65 130 173 287 410 192 Spaces Moved 724 | 39 73 79 205 222 106 Core 13 | 12 . . . . 1 Treads 184 | . . . . 118 66 Legs 188 | 27 73 79 . 9 . Wheels 339 | . . . 205 95 39 Hover . | . . . . . . Flight . | . . . . . . Fastest Speed 50 | 50 120 190 100 115 115 Average Speed 142 | 125 168 190 112 142 156 Slowest Speed 450 | 200 190 190 130 260 450 Overloaded Moves . | . . . . . . Propulsion Burnouts . | . . . . . . Robots Hopped . | . . . . . . Cave-ins Triggered . | . . . . . . Exploration Rate (%) 18 | 4 19 20 32 14 23 Regions Visited 5 Branch Regions 2 Pre-discovered Areas . | . . . . . . Known Exits Taken 3 | . 1 . 1 1 . Unknown Exits Taken 2 | 1 . 1 . . . Scrap Searched 2 | . . 2 . . . Spaces Dug . | . . . . . . Terrain Destroyed 1 | . . . . 1 . Melee . | . . . . . . Projectile 1 | . . . . 1 . AOE . | . . . . . . Terrain Rammed . | . . . . . . Walls Destroyed . | . . . . . . Machines Disabled . | . . . . . . Actions | -11 -10 -10 -9 -9 -9 --------- Run | Yrd Mat Min Mat Sto Gar Total 898 | 55 81 104 242 288 128 Wait 40 | . . 11 7 18 4 Move 719 | 38 72 78 204 221 106 Hop . | . . . . . . Pick Up 43 | 11 7 7 5 12 1 Fast Attach . | . . . . . . Attach 36 | 6 1 4 8 13 4 Detach 9 | . . 1 3 4 1 Swap . | . . . . . . Drop 8 | . 1 3 2 2 . Fire 34 | . . . 11 18 5 Melee . | . . . . . . Ram 2 | . . . 2 . . Kick . | . . . . . . Crush . | . . . . . . Escape Stasis 7 | . . . . . 7 Rewire . | . . . . . . Trap . | . . . . . . Miscellaneous . | . . . . . . Route ------- -11/Scrapyard -10/Materials (discovered 2 exits: *Min x2) -10/Mines -9/Materials (discovered 4 exits: [*Mat] / Min / *Sto x2) -9/Storage -9/Garrison History --------- Turn | Location | Event 14 | -11/Scrapyard | Discovered new exit (range 16) 66 | -11/Scrapyard | Entered Materials 158 | -10/Materials | Identified exit to Mines 196 | -10/Materials | Entered Mines 299 | -10/Mines | Discovered new exit (range 6) 311 | -10/Mines | Joined a pair of Derelicts in attacking an 0b10 outpost 313 | -10/Mines | Build established: Mutant 369 | -10/Mines | Entered Materials 369 | -9/Materials | Evolved 2 slots: Propulsion x1, Utility x1 528 | -9/Materials | Discovered new exit (range 15) 548 | -9/Materials | Identified exit to Mines 548 | -9/Materials | Identified exit to Storage 656 | -9/Materials | Entered Storage 746 | -9/Storage | Core integrity fell below 50% 1064 | -9/Storage | Identified exit to Garrison 1066 | -9/Storage | Entered Garrison 1148 | -9/Garrison | Triggered checkpoint 1198 | -9/Garrison | Triggered checkpoint 1243 | -9/Garrison | Core integrity fell below 20% 1248 | -9/Garrison | Lost 3 parts (1p2n) 1258 | -9/Garrison | Destroyed by G-34 Mercenary with Small Laser Last Messages --------------- 01162_ Triggered Stasis Trap. 01162_ A bubble of rippling energy engulfs the area. 01162_ Field strength at 90. 01163_ Field strength at 80. 01164_ Field strength at 67. 01165_ Field strength at 57. 01166_ Field strength at 44. 01167_ Field strength at 34. 01168_ Field strength at 18. 01169_ Field strength at 8. 01169_ Mining Laser destroyed. 01170_ Stasis field depleted. 01198_ Beams of light sweep through the air. An alarm sounds. 01205_ Imp. Ion Engine destroyed. 01211_ Com. Wheel destroyed. 01217_ Critical hit (Burn: +37). 01217_ Imp. Treads destroyed. 01236_ ALERT: Dispatching investigation squad to Materials. 01237_ G-34 Mercenary destroyed. 01242_ Acquired Ion Engine. Map ----- +----------------------------------------------------+ | ????????????# #?????# #?# #?????????????????????? | | ????????????# #?????# #?# #?????????????????????? | | ????????????# #?????# #?# #?????????????????????? | | ????????????# #?????# ###+#?????????????????????? | | ????????????# #?????# #?????????????????????? | | ????????????# #?????##### #?????????????????????? | | ????????????# #?????????# #?????????????????????? | | ????????????# #?????????# #?????????????????????? | | ??????????### #?????????# ###???????????????????? | | ??????????# #?????????# #???????????????????? | | ??????????# #?????????# #???????????????????? | | ??????????# #?????????# #???????????????????? | | ??????????######?????????# ###???????????????????? | | ???????????????"T"######## #?????????????????????? | | ??????????????#" #?????????????????????? | | ?????????????????#### ## #?????????????????????? | | ???????????????????#"""??#g#?????????????????????? | | ???????????????????###???# #?????????????????????? | | ?????????????????????????# #?????????????????????? | | ????????????????????????## ##????????????????????? | | ???????????????????????## #????????????????????? | | ???????????????????????# #????????????????????? | | ???????????????????????# ! #????????????????????? | | ???????????????????????#gY###????????????????????? | | ???????????????????????# ##????????????????????? | | ???????????????????????# @ #????????????????????? | | ???????????????????????######????????????????????? | | ?????????????????????????????????????????????????? | | ?????????????????????????????????????????????????? | | ?????????????????????????????????????????????????? | | ?????????????????????????????????????????????????? | | ?????????????????????????????????????????????????? | | ?????????????????????????????????????????????????? | | | | | | | | | | | | | | | | | | | | | | | | | | | | | | | | | | | +----------------------------------------------------+ Best States ------------- Heat Dissipation 28 Energy Generation 12 Energy Capacity 265 Matter Stores 300 Matter Capacity 300 Sight Range 16 Terrain Scan Density 10 ECM Strength 1 Armor Coverage 150 Utility Shielding 33 Evasion (%) 55 Recoil Reduction 3 Item Schematics ----------------- None Robot Schematics ------------------ None Fabricated ------------ Nothing Alien Tech Used ----------------- None Achievements -------------- None Challenges ------------ None Game ------ Seed LinearThermicTrap Manual? 0 Play Time 00:20:24 Cumulative 16.0 hours Start 2024.06.28 @ 18:49:44 End 2024.06.30 @ 14:35:37 Sessions 9 Manual Loads 0 Difficulty Rogue Special Mode None Game No. 23 Rogue 23 Adventurer 0 Explorer 0 Win Type - Total 0 Types 0/0/0/0/0/0/0/0/0 Lore% 8 Gallery% 16 Achievement% 14 Wizard Run 0 Options --------- Layout 0 ASCII 1 Keyboard 0 Movement Numpad Keybinds 0 Fullscreen 2 Font 18/TerminusBold Map View 38x25 Zoom Use 62% Tactical HUD 1 Map Filters NONE Filters NONE Steam 1 RUN: e4f74180-e907-48dd-bd7a-3bab43d2b203